ANAHEIM Ducks vs LOS ANGELES Kings

Created - 6 novembre 2018 at 17:19

Goals
1 2 3 OT1 T
ANAHEIM Ducks 2 1 0 0 3
LOS ANGELES Kings 0 2 1 1 4
Shots
1 2 3 OT1 T
ANAHEIM Ducks 6 9 8 1 24
LOS ANGELES Kings 6 7 6 1 20

1st period

1. ANAHEIM Ducks , Tyler Seguin 8 (Alexander Edler 6, Alex Ovechkin 5) at 15:08
2. ANAHEIM Ducks , Joe Thornton 4 (Vladimir Tarasenko 6, Jack Johnson 6) at 19:36

Penalties :
No Penalty

2nd period

3. ANAHEIM Ducks , Tyler Seguin 9 (John Carlson 16) at 3:31
4. LOS ANGELES Kings , Michael Cammalleri 4 (Kyle Brodziak 5, Johnny Oduya 3) at 6:51
5. LOS ANGELES Kings , Mitchell Marner 2 (Drew Doughty 9, Jonathan Quick) at 16:42 (PP)

Penalties :
Stephen Johns (LAK) for Roughing (Minor) at 13:47, Vladimir Tarasenko (ANA) for Hooking (Minor) at 15:28

3rd period

6. LOS ANGELES Kings , Oliver Ekman-Larsson 2 (Jonathan Huberdeau 5, Mitchell Marner 9) at 11:03

Penalties :
Mikko Rantanen (ANA) for Hooking (Minor) at 5:55

Overtime #1

7. LOS ANGELES Kings , Anze Kopitar 8 (Mitchell Marner 10) at 0:58

Penalties :
No Penalty

Goalie Stats

Cam Talbot (ANA), 16 saves from 20 shots - (0,800), OTL, 9-5-2, 60:59 minutes
Jonathan Quick (LAK), 21 saves from 24 shots - (0,875), W, 8-4-1, 60:59 minutes

Players Stats for ANAHEIM Ducks

Player Name              G  A  P  +/- PIM S  H  SB GA TA FO     MP     PP MP  PK MP  
------------------------------------------------------------------------------------
Alex Ovechkin            0  1  1   0  0   1  5  0  0  0  1/1    23:08   0:59   0:28 
Alexander Edler          0  1  1   1  0   1  2  1  0  0  0/0    20:37   0:42   1:39 
Brandon Carlo            0  0  0  -2  0   0  1  2  0  0  0/0    20:29   0:00   0:42 
Clayton Keller           0  0  0   0  0   0  0  0  0  0  0/0     5:36   0:00   0:00 
Dougie Hamilton          0  0  0  -2  0   1  1  0  0  0  0/0    20:57   0:59   0:14 
Jack Johnson             0  1  1   1  0   0  0  1  0  0  0/0    18:54   0:42   1:22 
Jared Spurgeon           0  0  0   1  0   2  0  2  0  0  0/0    13:52   0:00   0:20 
Jesper Fast              0  0  0  -1  0   1  1  0  0  0  0/1    14:23   0:00   2:04 
Joe Thornton             1  0  1   1  0   1  2  0  0  0  6/17   17:47   0:42   0:18 
John Carlson             0  1  1   1  0   0  0  2  0  0  0/0    27:09   0:59   1:33 
Justin Williams          0  0  0  -1  0   1  0  0  0  0  0/0    12:19   0:00   0:00 
Mathew Barzal            0  0  0   0  0   3  0  0  0  0  3/6     5:36   0:00   0:00 
Matt Cullen              0  0  0   0  0   0  0  0  0  0  0/0     5:59   0:00   0:23 
Mikko Rantanen           0  0  0   1  2   0  1  0  0  0  1/2    17:28   0:42   0:00 
Paul Byron               0  0  0  -1  0   1  0  0  0  0  12/23  14:33   0:00   2:14 
Tyler Seguin             2  0  2   0  0   9  1  0  0  0  10/25  23:03   0:59   0:23 
Tyler Toffoli            0  0  0   1  0   1  0  1  0  0  0/1    21:23   0:59   0:00 
Vladimir Tarasenko       0  1  1   1  2   2  1  0  0  0  0/0    17:28   0:41   0:00 

Players Stats for LOS ANGELES Kings

Player Name              G  A  P  +/- PIM S  H  SB GA TA FO     MP     PP MP  PK MP  
------------------------------------------------------------------------------------
Alex Chiasson            0  0  0   0  0   0  0  0  0  0  0/0     3:58   0:00   0:00 
Anze Kopitar             1  0  1   0  0   6  0  0  0  0  19/31  25:16   1:11   0:00 
Chris Wagner             0  0  0   0  0   1  0  0  0  0  0/0    14:49   0:00   0:00 
Danny DeKeyser           0  0  0   0  0   0  1  1  0  0  0/0    20:10   1:24   0:45 
Drew Doughty             0  1  1   0  0   0  2  2  0  0  0/0    25:51   1:24   0:45 
Jakob Silfverberg        0  0  0  -1  0   0  1  0  0  0  0/0    21:30   1:44   0:56 
Johnny Oduya             0  1  1   0  0   0  0  1  0  0  0/0    18:50   0:00   0:56 
Jonathan Huberdeau       0  1  1   0  0   1  0  0  0  0  1/3    18:40   1:11   0:00 
Kyle Brodziak            0  1  1   0  0   2  0  1  0  0  11/20  15:08   0:00   0:19 
Kyle Quincey             0  0  0   0  0   0  2  0  0  0  0/0    17:54   0:00   0:00 
Mark Stone               0  0  0  -1  0   2  0  0  0  0  0/0    20:34   1:44   0:00 
Michael Cammalleri       1  0  1   0  0   2  0  0  0  0  0/0    14:49   0:00   0:00 
Mitchell Marner          1  2  3   1  0   3  1  0  0  0  0/1    19:57   1:11   0:00 
Nick Bonino              0  0  0   0  0   0  1  0  0  0  12/21  20:35   1:44   1:22 
Oliver Ekman-Larsson     1  0  1   0  0   1  0  2  0  0  0/0    22:55   1:31   0:56 
Scottie Upshall          0  0  0   0  0   1  0  0  0  0  0/0     4:17   0:00   0:19 
Stephen Johns            0  0  0   0  2   1  2  1  0  0  0/0    16:17   1:31   0:00 
Tim Schaller             0  0  0   0  0   0  0  0  0  0  0/0     0:26   0:00   0:26 

3 Stars

1 - Mitchell Marner (LAK)
2 - Tyler Seguin (ANA)
3 - Joe Thornton (ANA)

Power Play

ANAHEIM Ducks - 0 on 1 Attempt(s) - 0,00%
LOS ANGELES Kings - 1 on 2 Attempt(s) - 50,00%

Penalty Kill

ANAHEIM Ducks - 1 on 2 Attempt(s) - 50,00% - Score 0 goal in Penalty Kill
LOS ANGELES Kings - 1 on 1 Attempt(s) - 100,00% - Score 0 goal in Penalty Kill

Team Stat

ANAHEIM Ducks - Hits : 15 - Faceoff Wins : 33 - Blocked Shots : 9 - Penalty Minutes : 4
LOS ANGELES Kings - Hits : 10 - Faceoff Wins : 43 - Blocked Shots : 8 - Penalty Minutes : 2

Official

Referees : Unknown
Linesman : Unknown

Game Notes

Jared Spurgeon is injured at 18:29 of 2nd period (Strained Left Knee)

Finance

Level 1 -- Attendance: 6664 (95,20%) -- Ticket Income 653 072 $
Level 2 -- Attendance: 4114 (82,28%) -- Ticket Income 246 840 $
Level 3 -- Attendance: 2019 (80,76%) -- Ticket Income 70 665 $
Level 4 -- Attendance: 4431 (88,62%) -- Ticket Income 88 620 $
Luxury Box -- Attendance: 783 (78,30%) -- Ticket Income 156 600 $
Game was played at the Staples Center.
Total Attendance: 18011 (87,86%)
Total Ticket Income: 1 215 797 $
Other Income: 474 161 $
Total Income: 1 689 958 $

ANAHEIM Ducks

5 vs 5 Forward 
   Center                   Left Wing                Right Wing               Time % Phy DF OF 
 1 Tyler Seguin             Alex Ovechkin            Tyler Toffoli            40     0   2  3  
 2 Joe Thornton             Mikko Rantanen           Vladimir Tarasenko       30     1   2  2  
 3 Paul Byron               Jesper Fast              Justin Williams          20     1   2  2  
 4 Mathew Barzal            Matt Cullen              Clayton Keller           10     1   3  1  

5 vs 5 Defense 
   Defense                  Defense                                           Time % Phy DF OF 
 1 John Carlson             Jared Spurgeon                                    40     1   2  2  
 2 Alexander Edler          Jack Johnson                                      30     1   2  2  
 3 Dougie Hamilton          Brandon Carlo                                     20     1   2  2  
 4 John Carlson             Alexander Edler                                   10     1   2  2  

PowerPlay Forward 
   Center                   Left Wing                Right Wing               Time % Phy DF OF 
 1 Tyler Seguin             Alex Ovechkin            Tyler Toffoli            60     0   1  4  
 2 Joe Thornton             Mikko Rantanen           Vladimir Tarasenko       40     0   1  4  

PowerPlay Defense
   Defense                  Defense                                           Time % Phy DF OF 
 1 John Carlson             Dougie Hamilton                                   60     0   2  3  
 2 Alexander Edler          Jack Johnson                                      40     0   2  3  

Penalty Kill 4 Players Forward 
   Center                   Wing                     Time % Phy DF OF 
 1 Paul Byron               Jesper Fast              60     0   3  2  
 2 Tyler Seguin             Matt Cullen              40     0   3  2  

Penalty Kill 4 Players Defense
   Defense                  Defense                  Time % Phy DF OF 
 1 John Carlson             Jared Spurgeon           60     0   3  2  
 2 Alexander Edler          Jack Johnson             40     0   3  2  

Penalty Kill - 3 Players Forward 
   Forward                                           Time % Phy DF OF 
 1 Tyler Seguin                                      60     0   3  2  
 2 Matt Cullen                                       40     0   3  2  

Penalty Kill - 3 Players Defense
   Defense                  Defense                  Time % Phy DF OF 
 1 John Carlson             Brandon Carlo            60     0   3  2  
 2 Alexander Edler          Jack Johnson             40     0   3  2  

4 vs 4 Forward 
   Center                   Wing                     Time % Phy DF OF 
 1 Tyler Seguin             Alex Ovechkin            60     1   2  2  
 2 Joe Thornton             Vladimir Tarasenko       40     1   2  2  

4 vs 4 Defense
   Defense                  Defense                  Time % Phy DF OF 
 1 John Carlson             Dougie Hamilton          60     1   2  2  
 2 Alexander Edler          Jack Johnson             40     1   2  2  

Last Minutes Offensive
   Center                   Left Wing                Right Wing               Defense                  Defense                  
   Tyler Seguin             Alex Ovechkin            Vladimir Tarasenko       John Carlson             Jared Spurgeon           

Last Minutes Defensive
   Center                   Left Wing                Right Wing               Defense                  Defense                  
   Tyler Seguin             Matt Cullen              Paul Byron               John Carlson             Jared Spurgeon           

Goaltenders
Starting : Cam Talbot               
Backup : J-F Berube               

Extra Forwards
Normal : Mathew Barzal, Tyler Toffoli, Paul Byron - PP : Mathew Barzal, Tyler Toffoli - PK : Paul Byron
Extra Defensemen
Normal : Jack Johnson, Brandon Carlo, Alexander Edler - PP : Jack Johnson - PK : Brandon Carlo, Alexander Edler
Penalty Shots
Alex Ovechkin, Tyler Seguin, Vladimir Tarasenko, Dougie Hamilton, Mikko Rantanen

LOS ANGELES Kings

5 vs 5 Forward 
   Center                   Left Wing                Right Wing               Time % Phy DF OF 
 1 Anze Kopitar             Jakob Silfverberg        Mark Stone               41     1   2  2  
 2 Nick Bonino              Jonathan Huberdeau       Mitchell Marner          31     1   2  2  
 3 Kyle Brodziak            Michael Cammalleri       Chris Wagner             20     1   2  2  
 4 Anze Kopitar             Scottie Upshall          Alex Chiasson            8      1   2  2  

5 vs 5 Defense 
   Defense                  Defense                                           Time % Phy DF OF 
 1 Drew Doughty             Oliver Ekman-Larsson                              40     1   2  2  
 2 Stephen Johns            Danny DeKeyser                                    30     1   2  2  
 3 Johnny Oduya             Kyle Quincey                                      20     1   2  2  
 4 Drew Doughty             Danny DeKeyser                                    10     1   2  2  

PowerPlay Forward 
   Center                   Left Wing                Right Wing               Time % Phy DF OF 
 1 Anze Kopitar             Jonathan Huberdeau       Mitchell Marner          60     1   2  2  
 2 Nick Bonino              Jakob Silfverberg        Mark Stone               40     1   2  2  

PowerPlay Defense
   Defense                  Defense                                           Time % Phy DF OF 
 1 Stephen Johns            Oliver Ekman-Larsson                              60     1   2  2  
 2 Drew Doughty             Danny DeKeyser                                    40     1   2  2  

Penalty Kill 4 Players Forward 
   Center                   Wing                     Time % Phy DF OF 
 1 Nick Bonino              Jakob Silfverberg        60     1   2  2  
 2 Kyle Brodziak            Scottie Upshall          40     1   2  2  

Penalty Kill 4 Players Defense
   Defense                  Defense                  Time % Phy DF OF 
 1 Drew Doughty             Danny DeKeyser           60     1   2  2  
 2 Stephen Johns            Oliver Ekman-Larsson     40     1   2  2  

Penalty Kill - 3 Players Forward 
   Forward                                           Time % Phy DF OF 
 1 Anze Kopitar                                      60     1   2  2  
 2 Nick Bonino                                       40     1   2  2  

Penalty Kill - 3 Players Defense
   Defense                  Defense                  Time % Phy DF OF 
 1 Drew Doughty             Danny DeKeyser           60     1   2  2  
 2 Stephen Johns            Oliver Ekman-Larsson     40     1   2  2  

4 vs 4 Forward 
   Center                   Wing                     Time % Phy DF OF 
 1 Anze Kopitar             Mitchell Marner          60     1   2  2  
 2 Nick Bonino              Mark Stone               40     1   2  2  

4 vs 4 Defense
   Defense                  Defense                  Time % Phy DF OF 
 1 Drew Doughty             Oliver Ekman-Larsson     60     1   2  2  
 2 Stephen Johns            Danny DeKeyser           40     1   2  2  

Last Minutes Offensive
   Center                   Left Wing                Right Wing               Defense                  Defense                  
   Anze Kopitar             Nick Bonino              Mark Stone               Drew Doughty             Oliver Ekman-Larsson     

Last Minutes Defensive
   Center                   Left Wing                Right Wing               Defense                  Defense                  
   Anze Kopitar             Nick Bonino              Jakob Silfverberg        Drew Doughty             Danny DeKeyser           

Goaltenders
Starting : Jonathan Quick           
Backup : Al Montoya               

Extra Forwards
Normal : Nick Bonino, Anze Kopitar, Mitchell Marner - PP : Jonathan Huberdeau, Mark Stone - PK : Tim Schaller
Extra Defensemen
Normal : Drew Doughty, Oliver Ekman-Larsson, Tim Schaller - PP : Johnny Oduya - PK : Johnny Oduya, Kyle Quincey
Penalty Shots
Anze Kopitar, Mark Stone, Jonathan Huberdeau, Mitchell Marner, Jakob Silfverberg


% Time on Ice - ANAHEIM Ducks

Lines # - Real PCT - Wanted PCT - Time Play
Normal Forward
1 - 37% - 40% - 20:24
2 - 30% - 30% - 16:47
3 - 22% - 20% - 12:19
4 - 10% - 10% - 5:36
Normal Defense
1 - 39% - 40% - 21:16
2 - 25% - 30% - 13:31
3 - 32% - 20% - 17:31
4 - 5% - 10% - 2:48
PP Forward
1 - 58% - 60% - 0:59
2 - 42% - 40% - 0:42
PP Defense
1 - 58% - 60% - 0:59
2 - 42% - 40% - 0:42
PK Forward
1 - 87% - 60% - 2:32
2 - 13% - 40% - 0:23
PK Defense
1 - 53% - 60% - 1:33
2 - 47% - 40% - 1:22
PK3 Forward
1 - 0% - 60%
2 - 0% - 40%
PK3 Defense
1 - 0% - 60%
2 - 0% - 40%
44 Forward
1 - 100% - 60% - 1:17
2 - 0% - 40% - 0:00
44 Defense
1 - 82% - 60% - 1:03
2 - 18% - 40% - 0:14
Last Minute Offensive  - 0:00
Last Minute Defensive  - 0:00
Total
Forward - 60:59
Defense - 60:59

% Time on Ice - LOS ANGELES Kings

Lines # - Real PCT - Wanted PCT - Time Play
Normal Forward
1 - 34% - 41% - 18:50
2 - 32% - 31% - 17:29
3 - 27% - 20% - 14:49
4 - 7% - 8% - 3:58
Normal Defense
1 - 36% - 40% - 19:43
2 - 26% - 30% - 14:33
3 - 32% - 20% - 17:54
4 - 5% - 10% - 2:56
PP Forward
1 - 41% - 60% - 1:11
2 - 59% - 40% - 1:44
PP Defense
1 - 52% - 60% - 1:31
2 - 48% - 40% - 1:24
PK Forward
1 - 81% - 60% - 1:22
2 - 19% - 40% - 0:19
PK Defense
1 - 45% - 60% - 0:45
2 - 55% - 40% - 0:56
PK3 Forward
1 - 0% - 60%
2 - 0% - 40%
PK3 Defense
1 - 0% - 60%
2 - 0% - 40%
44 Forward
1 - 100% - 60% - 1:17
2 - 0% - 40% - 0:00
44 Defense
1 - 58% - 60% - 0:45
2 - 42% - 40% - 0:32
Last Minute Offensive  - 0:00
Last Minute Defensive  - 0:00
Total
Forward - 60:59
Defense - 60:59

Play by Play

1st period


0:01 of 1st period - Anze Kopitar wins face-off versus Tyler Seguin in neutral zone.
0:03 of 1st period - Off-side.
0:04 of 1st period - Nick Bonino wins face-off versus Joe Thornton in neutral zone.
1:40 of 1st period - Shot by Anze Kopitar.
1:40 of 1st period - Shot Blocked by John Carlson.
1:42 of 1st period - Shot by Anze Kopitar.
1:42 of 1st period - Shot Misses the Net.
1:44 of 1st period - Shot by Mark Stone.
1:44 of 1st period - Stopped by Cam Talbot without a rebound.
1:45 of 1st period - Paul Byron wins face-off versus Kyle Brodziak in ANAHEIM Ducks zone.
1:49 of 1st period - Off-side.
1:50 of 1st period - Paul Byron wins face-off versus Kyle Brodziak in neutral zone.
2:07 of 1st period - Icing by Johnny Oduya.
2:08 of 1st period - Kyle Brodziak wins face-off versus Mathew Barzal in LOS ANGELES Kings zone.
4:05 of 1st period - Icing by Dougie Hamilton.
4:06 of 1st period - Paul Byron wins face-off versus Nick Bonino in ANAHEIM Ducks zone.
4:06 of 1st period - Jesper Fast is hit by Mitchell Marner.
5:10 of 1st period - Shot by Anze Kopitar.
5:10 of 1st period - Stopped by Cam Talbot without a rebound.
5:11 of 1st period - Anze Kopitar wins face-off versus Joe Thornton in ANAHEIM Ducks zone.
5:18 of 1st period - Shot by Anze Kopitar.
5:18 of 1st period - Shot Misses the Net.
5:20 of 1st period - Shot by Oliver Ekman-Larsson.
5:20 of 1st period - Shot Blocked by Alexander Edler.
5:26 of 1st period - Shot by Anze Kopitar.
5:26 of 1st period - Stopped by Cam Talbot without a rebound.
5:27 of 1st period - Anze Kopitar wins face-off versus Tyler Seguin in ANAHEIM Ducks zone.
7:25 of 1st period - Icing by Johnny Oduya.
7:26 of 1st period - Kyle Brodziak wins face-off versus Paul Byron in LOS ANGELES Kings zone.
7:46 of 1st period - Icing by Kyle Quincey.
7:47 of 1st period - Tyler Seguin wins face-off versus Kyle Brodziak in LOS ANGELES Kings zone.
8:10 of 1st period - Shot by Michael Cammalleri.
8:10 of 1st period - Deflect By Kyle Brodziak.
8:10 of 1st period - Stopped by Cam Talbot without a rebound.
8:11 of 1st period - Anze Kopitar wins face-off versus Joe Thornton in ANAHEIM Ducks zone.
8:55 of 1st period - Icing by John Carlson.
8:56 of 1st period - Joe Thornton wins face-off versus Jonathan Huberdeau in ANAHEIM Ducks zone.
10:04 of 1st period - Icing by Oliver Ekman-Larsson.
10:05 of 1st period - Anze Kopitar wins face-off versus Jesper Fast in LOS ANGELES Kings zone.
10:07 of 1st period - Icing by Oliver Ekman-Larsson.
10:08 of 1st period - Paul Byron wins face-off versus Anze Kopitar in LOS ANGELES Kings zone.
11:19 of 1st period - Alex Ovechkin is hit by Danny DeKeyser.
11:26 of 1st period - Alex Ovechkin is hit by Stephen Johns.
11:36 of 1st period - Shot by Tyler Seguin.
11:36 of 1st period - Shot Misses the Net.
11:38 of 1st period - Shot by Jared Spurgeon.
11:38 of 1st period - Stopped by Jonathan Quick with a rebound.
12:42 of 1st period - Shot by Mikko Rantanen.
12:42 of 1st period - Shot Blocked by Johnny Oduya.
12:44 of 1st period - Shot by Vladimir Tarasenko.
12:44 of 1st period - Shot Misses the Net.
13:31 of 1st period - Off-side.
13:32 of 1st period - Anze Kopitar wins face-off versus Mathew Barzal in neutral zone.
13:37 of 1st period - Shot by Scottie Upshall.
13:37 of 1st period - Stopped by Cam Talbot with a rebound.
13:45 of 1st period - Shot by Alexander Edler.
13:45 of 1st period - Shot Blocked by Danny DeKeyser.
13:47 of 1st period - Shot by Jack Johnson.
13:47 of 1st period - Deflect By Mathew Barzal.
13:47 of 1st period - Stopped by Jonathan Quick without a rebound.
13:48 of 1st period - Paul Byron wins face-off versus Kyle Brodziak in LOS ANGELES Kings zone.
14:42 of 1st period - Off-side.
14:43 of 1st period - Anze Kopitar wins face-off versus Tyler Seguin in neutral zone.
14:50 of 1st period - Shot by Jakob Silfverberg.
14:50 of 1st period - Shot Misses the Net.
15:06 of 1st period - Shot by Alexander Edler.
15:06 of 1st period - Deflect By Tyler Seguin.
15:06 of 1st period - Shot Misses the Net.
15:08 of 1st period - Shot by Tyler Seguin.
15:08 of 1st period - Goal by Tyler Seguin - ANAHEIM Ducks : 1 - LOS ANGELES Kings : 0.
15:09 of 1st period - Nick Bonino wins face-off versus Joe Thornton in neutral zone.
16:26 of 1st period - Shot by Tyler Seguin.
16:26 of 1st period - Shot Misses the Net.
16:50 of 1st period - Icing by Jared Spurgeon.
16:51 of 1st period - Tyler Seguin wins face-off versus Anze Kopitar in ANAHEIM Ducks zone.
16:56 of 1st period - Drew Doughty is hit by Tyler Seguin and loses puck.
17:49 of 1st period - Shot by Clayton Keller.
17:49 of 1st period - Shot Blocked by Drew Doughty.
17:51 of 1st period - Shot by Jack Johnson.
17:51 of 1st period - Shot Blocked by Oliver Ekman-Larsson.
17:53 of 1st period - Shot by Mathew Barzal.
17:53 of 1st period - Stopped by Jonathan Quick without a rebound.
17:54 of 1st period - Kyle Brodziak wins face-off versus Joe Thornton in LOS ANGELES Kings zone.
18:19 of 1st period - Shot by Kyle Brodziak.
18:19 of 1st period - Stopped by Cam Talbot without a rebound.
18:20 of 1st period - Tyler Seguin wins face-off versus Anze Kopitar in ANAHEIM Ducks zone.
18:28 of 1st period - Icing by Scottie Upshall.
18:29 of 1st period - Tyler Seguin wins face-off versus Anze Kopitar in LOS ANGELES Kings zone.
18:58 of 1st period - Shot by Anze Kopitar.
18:58 of 1st period - Deflect By Alex Chiasson.
18:58 of 1st period - Shot Blocked by John Carlson.
19:00 of 1st period - Shot by Anze Kopitar.
19:00 of 1st period - Shot Blocked by Jared Spurgeon.
19:36 of 1st period - Shot by Joe Thornton.
19:36 of 1st period - Goal by Joe Thornton - ANAHEIM Ducks : 2 - LOS ANGELES Kings : 0.
19:37 of 1st period - Paul Byron wins face-off versus Kyle Brodziak in neutral zone.
19:52 of 1st period - Shot by Dougie Hamilton.
19:52 of 1st period - Stopped by Jonathan Quick without a rebound.
19:53 of 1st period - Anze Kopitar wins face-off versus Joe Thornton in LOS ANGELES Kings zone.
Goals for this period are 2 for ANAHEIM Ducks vs 0 for LOS ANGELES Kings.
Shots for this period are 6 for ANAHEIM Ducks vs 6 for LOS ANGELES Kings.

2nd period


0:01 of 2nd period - Tyler Seguin wins face-off versus Anze Kopitar in neutral zone.
0:10 of 2nd period - Jakob Silfverberg is hit by Alex Ovechkin and loses puck.
0:40 of 2nd period - Shot by Tyler Seguin.
0:40 of 2nd period - Stopped by Jonathan Quick with a rebound.
1:20 of 2nd period - Shot by Joe Thornton.
1:20 of 2nd period - Shot Misses the Net.
1:23 of 2nd period - Icing by Anze Kopitar.
1:24 of 2nd period - Paul Byron wins face-off versus Anze Kopitar in LOS ANGELES Kings zone.
1:27 of 2nd period - Shot by Dougie Hamilton.
1:27 of 2nd period - Shot Misses the Net.
1:36 of 2nd period - Mark Stone is hit by Brandon Carlo.
1:55 of 2nd period - Shot by Nick Bonino.
1:55 of 2nd period - Shot Blocked by Brandon Carlo.
2:09 of 2nd period - Icing by Stephen Johns.
2:10 of 2nd period - Nick Bonino wins face-off versus Joe Thornton in LOS ANGELES Kings zone.
2:10 of 2nd period - Mitchell Marner is hit by Vladimir Tarasenko and loses puck.
2:34 of 2nd period - Nick Bonino is hit by Alexander Edler and loses puck.
3:02 of 2nd period - Icing by Kyle Quincey.
3:03 of 2nd period - Kyle Brodziak wins face-off versus Tyler Seguin in LOS ANGELES Kings zone.
3:31 of 2nd period - Shot by Tyler Seguin.
3:31 of 2nd period - Goal by Tyler Seguin - ANAHEIM Ducks : 3 - LOS ANGELES Kings : 0.
3:32 of 2nd period - Mathew Barzal wins face-off versus Anze Kopitar in neutral zone.
5:04 of 2nd period - Danny DeKeyser is hit by Alex Ovechkin and loses puck.
5:08 of 2nd period - Icing by Danny DeKeyser.
5:09 of 2nd period - Joe Thornton wins face-off versus Nick Bonino in LOS ANGELES Kings zone.
6:37 of 2nd period - Shot by Tyler Seguin.
6:37 of 2nd period - Stopped by Jonathan Quick with a rebound.
6:39 of 2nd period - Shot by Jared Spurgeon.
6:39 of 2nd period - Stopped by Jonathan Quick without a rebound.
6:40 of 2nd period - Paul Byron wins face-off versus Kyle Brodziak in LOS ANGELES Kings zone.
6:51 of 2nd period - Shot by Michael Cammalleri.
6:51 of 2nd period - Goal by Michael Cammalleri - ANAHEIM Ducks : 3 - LOS ANGELES Kings : 1.
6:52 of 2nd period - Tyler Seguin wins face-off versus Nick Bonino in neutral zone.
7:13 of 2nd period - Shot by Tyler Seguin.
7:13 of 2nd period - Stopped by Jonathan Quick without a rebound.
7:14 of 2nd period - Paul Byron wins face-off versus Kyle Brodziak in LOS ANGELES Kings zone.
7:18 of 2nd period - Icing by Kyle Quincey.
7:19 of 2nd period - Kyle Brodziak wins face-off versus Paul Byron in LOS ANGELES Kings zone.
7:38 of 2nd period - Shot by Chris Wagner.
7:38 of 2nd period - Stopped by Cam Talbot without a rebound.
7:39 of 2nd period - Anze Kopitar wins face-off versus Tyler Seguin in ANAHEIM Ducks zone.
8:58 of 2nd period - Icing by Johnny Oduya.
8:59 of 2nd period - Joe Thornton wins face-off versus Mitchell Marner in LOS ANGELES Kings zone.
9:07 of 2nd period - Icing by Johnny Oduya.
9:08 of 2nd period - Nick Bonino wins face-off versus Paul Byron in LOS ANGELES Kings zone.
10:51 of 2nd period - Shot by Mikko Rantanen.
10:51 of 2nd period - Shot Misses the Net.
10:53 of 2nd period - Shot by Vladimir Tarasenko.
10:53 of 2nd period - Stopped by Jonathan Quick without a rebound.
10:54 of 2nd period - Tyler Seguin wins face-off versus Nick Bonino in LOS ANGELES Kings zone.
11:27 of 2nd period - Shot by Mitchell Marner.
11:27 of 2nd period - Shot Misses the Net.
12:05 of 2nd period - Off-side.
12:06 of 2nd period - Mathew Barzal wins face-off versus Anze Kopitar in neutral zone.
13:26 of 2nd period - Icing by Jared Spurgeon.
13:27 of 2nd period - Kyle Brodziak wins face-off versus Joe Thornton in ANAHEIM Ducks zone.
13:47 of 2nd period - Minor Penalty to Stephen Johns for Roughing.
13:48 of 2nd period - Nick Bonino wins face-off versus Tyler Seguin in LOS ANGELES Kings zone.
14:01 of 2nd period - Icing by Tyler Toffoli.
14:02 of 2nd period - Nick Bonino wins face-off versus Tyler Seguin in ANAHEIM Ducks zone.
14:06 of 2nd period - Icing by John Carlson.
14:07 of 2nd period - Tyler Seguin wins face-off versus Nick Bonino in ANAHEIM Ducks zone.
14:28 of 2nd period - Shot by Dougie Hamilton.
14:28 of 2nd period - Shot Misses the Net.
14:30 of 2nd period - Shot by John Carlson.
14:30 of 2nd period - Shot Misses the Net.
14:46 of 2nd period - Shot by Tyler Toffoli.
14:46 of 2nd period - Stopped by Jonathan Quick without a rebound.
14:47 of 2nd period - Kyle Brodziak wins face-off versus Joe Thornton in LOS ANGELES Kings zone.
15:20 of 2nd period - Icing by Jack Johnson.
15:21 of 2nd period - Joe Thornton wins face-off versus Nick Bonino in ANAHEIM Ducks zone.
15:21 of 2nd period - Joe Thornton is hit by Jakob Silfverberg.
15:28 of 2nd period - Minor Penalty to Vladimir Tarasenko for Hooking.
15:29 of 2nd period - Anze Kopitar wins face-off versus Tyler Seguin in ANAHEIM Ducks zone.
15:48 of 2nd period - Shot by Mitchell Marner.
15:48 of 2nd period - Stopped by Cam Talbot with a rebound.
15:50 of 2nd period - Shot by Stephen Johns.
15:50 of 2nd period - Stopped by Cam Talbot without a rebound.
15:51 of 2nd period - Nick Bonino wins face-off versus Paul Byron in ANAHEIM Ducks zone.
16:20 of 2nd period - Shot by Mark Stone.
16:20 of 2nd period - Shot Misses the Net.
16:22 of 2nd period - Shot by Mark Stone.
16:22 of 2nd period - Deflect By Jakob Silfverberg.
16:22 of 2nd period - Shot Misses the Net.
16:24 of 2nd period - Shot by Stephen Johns.
16:24 of 2nd period - Shot Misses the Net.
16:26 of 2nd period - Shot by Nick Bonino.
16:26 of 2nd period - Deflect By Mark Stone.
16:26 of 2nd period - Stopped by Cam Talbot without a rebound.
16:27 of 2nd period - Anze Kopitar wins face-off versus Paul Byron in ANAHEIM Ducks zone.
16:42 of 2nd period - Shot by Mitchell Marner.
16:42 of 2nd period - Goal by Mitchell Marner - ANAHEIM Ducks : 3 - LOS ANGELES Kings : 2.
16:43 of 2nd period - Alex Ovechkin wins face-off versus Kyle Brodziak in neutral zone.
17:05 of 2nd period - Shot by Alex Ovechkin.
17:05 of 2nd period - Shot Misses the Net.
17:26 of 2nd period - Shot by Alex Ovechkin.
17:26 of 2nd period - Shot Misses the Net.
18:25 of 2nd period - Shot by Anze Kopitar.
18:25 of 2nd period - Stopped by Cam Talbot with a rebound.
18:27 of 2nd period - Shot by Anze Kopitar.
18:27 of 2nd period - Shot Misses the Net.
18:29 of 2nd period - Shot by Jakob Silfverberg.
18:29 of 2nd period - Shot Blocked by Jared Spurgeon.
18:29 of 2nd period - Jared Spurgeon from ANAHEIM Ducks is injured at 18:29 of 2nd period (Strained Left Knee).
18:30 of 2nd period - Jonathan Huberdeau wins face-off versus Paul Byron in ANAHEIM Ducks zone.
18:49 of 2nd period - Shot by Paul Byron.
18:49 of 2nd period - Deflect By Justin Williams.
18:49 of 2nd period - Shot Blocked by Stephen Johns.
18:51 of 2nd period - Shot by Alexander Edler.
18:51 of 2nd period - Deflect By Justin Williams.
18:51 of 2nd period - Stopped by Jonathan Quick with a rebound.
18:57 of 2nd period - Shot by Paul Byron.
18:57 of 2nd period - Deflect By Jesper Fast.
18:57 of 2nd period - Shot Misses the Net.
18:59 of 2nd period - Shot by Alexander Edler.
18:59 of 2nd period - Stopped by Jonathan Quick without a rebound.
19:00 of 2nd period - Anze Kopitar wins face-off versus Tyler Seguin in LOS ANGELES Kings zone.
19:41 of 2nd period - Shot by Alex Ovechkin.
19:41 of 2nd period - Shot Blocked by Drew Doughty.
Goals for this period are 1 for ANAHEIM Ducks vs 2 for LOS ANGELES Kings.
Shots for this period are 9 for ANAHEIM Ducks vs 7 for LOS ANGELES Kings.

3rd period


0:01 of 3rd period - Anze Kopitar wins face-off versus Tyler Seguin in neutral zone.
0:20 of 3rd period - Shot by Tyler Seguin.
0:20 of 3rd period - Stopped by Jonathan Quick without a rebound.
0:21 of 3rd period - Nick Bonino wins face-off versus Mikko Rantanen in LOS ANGELES Kings zone.
0:43 of 3rd period - Mitchell Marner is hit by Joe Thornton and loses puck.
1:04 of 3rd period - Shot by Jonathan Huberdeau.
1:04 of 3rd period - Stopped by Cam Talbot without a rebound.
1:05 of 3rd period - Anze Kopitar wins face-off versus Tyler Toffoli in ANAHEIM Ducks zone.
1:36 of 3rd period - Shot by Mark Stone.
1:36 of 3rd period - Shot Blocked by Tyler Toffoli.
2:16 of 3rd period - Shot by Michael Cammalleri.
2:16 of 3rd period - Stopped by Cam Talbot without a rebound.
2:17 of 3rd period - Nick Bonino wins face-off versus Joe Thornton in ANAHEIM Ducks zone.
2:34 of 3rd period - Shot by Vladimir Tarasenko.
2:34 of 3rd period - Stopped by Jonathan Quick without a rebound.
2:35 of 3rd period - Paul Byron wins face-off versus Kyle Brodziak in LOS ANGELES Kings zone.
2:50 of 3rd period - Shot by Jesper Fast.
2:50 of 3rd period - Stopped by Jonathan Quick without a rebound.
2:51 of 3rd period - Joe Thornton wins face-off versus Anze Kopitar in LOS ANGELES Kings zone.
2:58 of 3rd period - Shot by Vladimir Tarasenko.
2:58 of 3rd period - Shot Misses the Net.
3:47 of 3rd period - Icing by Danny DeKeyser.
3:48 of 3rd period - Anze Kopitar wins face-off versus Tyler Seguin in LOS ANGELES Kings zone.
3:48 of 3rd period - Anze Kopitar is hit by Alex Ovechkin.
4:15 of 3rd period - Shot by Tyler Seguin.
4:15 of 3rd period - Stopped by Jonathan Quick without a rebound.
4:16 of 3rd period - Kyle Brodziak wins face-off versus Paul Byron in LOS ANGELES Kings zone.
4:28 of 3rd period - Paul Byron is hit by Kyle Quincey.
4:52 of 3rd period - Shot by Jesper Fast.
4:52 of 3rd period - Shot Misses the Net.
5:16 of 3rd period - Shot by Tyler Seguin.
5:16 of 3rd period - Shot Misses the Net.
5:24 of 3rd period - Shot by Alex Ovechkin.
5:24 of 3rd period - Shot Blocked by Kyle Brodziak.
5:28 of 3rd period - Shot by Tyler Seguin.
5:28 of 3rd period - Shot Misses the Net.
5:30 of 3rd period - Shot by Tyler Seguin.
5:30 of 3rd period - Stopped by Jonathan Quick with a rebound.
5:51 of 3rd period - Icing by Kyle Quincey.
5:52 of 3rd period - Kyle Brodziak wins face-off versus Joe Thornton in LOS ANGELES Kings zone.
5:52 of 3rd period - Kyle Brodziak is hit by Joe Thornton.
5:55 of 3rd period - Minor Penalty to Mikko Rantanen for Hooking.
5:56 of 3rd period - Anze Kopitar wins face-off versus Paul Byron in ANAHEIM Ducks zone.
5:57 of 3rd period - Shot by Jonathan Huberdeau.
5:57 of 3rd period - Shot Misses the Net.
6:12 of 3rd period - Off-side.
6:13 of 3rd period - Paul Byron wins face-off versus Nick Bonino in neutral zone.
9:06 of 3rd period - Icing by Brandon Carlo.
9:07 of 3rd period - Mikko Rantanen wins face-off versus Jonathan Huberdeau in ANAHEIM Ducks zone.
9:29 of 3rd period - Icing by Nick Bonino.
9:30 of 3rd period - Nick Bonino wins face-off versus Paul Byron in LOS ANGELES Kings zone.
9:44 of 3rd period - Icing by Jack Johnson.
9:45 of 3rd period - Anze Kopitar wins face-off versus Paul Byron in ANAHEIM Ducks zone.
9:54 of 3rd period - Shot by Anze Kopitar.
9:54 of 3rd period - Shot Misses the Net.
10:03 of 3rd period - Shot by Paul Byron.
10:03 of 3rd period - Stopped by Jonathan Quick without a rebound.
10:04 of 3rd period - Kyle Brodziak wins face-off versus Tyler Seguin in LOS ANGELES Kings zone.
10:04 of 3rd period - Kyle Brodziak is hit by Alex Ovechkin.
10:10 of 3rd period - Shot by Michael Cammalleri.
10:10 of 3rd period - Shot Misses the Net.
10:27 of 3rd period - Tyler Seguin is hit by Drew Doughty.
10:29 of 3rd period - Shot by Alex Ovechkin.
10:29 of 3rd period - Stopped by Jonathan Quick without a rebound.
10:30 of 3rd period - Mathew Barzal wins face-off versus Anze Kopitar in LOS ANGELES Kings zone.
10:55 of 3rd period - Shot by Mathew Barzal.
10:55 of 3rd period - Stopped by Jonathan Quick without a rebound.
10:56 of 3rd period - Nick Bonino wins face-off versus Tyler Seguin in LOS ANGELES Kings zone.
11:03 of 3rd period - Shot by Oliver Ekman-Larsson.
11:03 of 3rd period - Goal by Oliver Ekman-Larsson - ANAHEIM Ducks : 3 - LOS ANGELES Kings : 3.
11:04 of 3rd period - Nick Bonino wins face-off versus Tyler Seguin in neutral zone.
11:14 of 3rd period - Shot by Mitchell Marner.
11:14 of 3rd period - Stopped by Cam Talbot with a rebound.
11:16 of 3rd period - Shot by Jonathan Huberdeau.
11:16 of 3rd period - Shot Blocked by Jack Johnson.
12:33 of 3rd period - Shot by Anze Kopitar.
12:33 of 3rd period - Stopped by Cam Talbot without a rebound.
12:34 of 3rd period - Kyle Brodziak wins face-off versus Paul Byron in ANAHEIM Ducks zone.
13:01 of 3rd period - Shot by Johnny Oduya.
13:01 of 3rd period - Shot Blocked by Brandon Carlo.
13:07 of 3rd period - Kyle Brodziak is hit by Jesper Fast and loses puck.
13:42 of 3rd period - Anze Kopitar is hit by Mikko Rantanen and loses puck.
15:01 of 3rd period - Shot by Jonathan Huberdeau.
15:01 of 3rd period - Shot Misses the Net.
15:28 of 3rd period - Icing by Danny DeKeyser.
15:29 of 3rd period - Paul Byron wins face-off versus Nick Bonino in LOS ANGELES Kings zone.
15:29 of 3rd period - Paul Byron is hit by Stephen Johns.
16:08 of 3rd period - Justin Williams is hit by Kyle Quincey.
16:49 of 3rd period - Icing by Brandon Carlo.
16:50 of 3rd period - Tyler Seguin wins face-off versus Anze Kopitar in ANAHEIM Ducks zone.
16:57 of 3rd period - Drew Doughty is hit by Alex Ovechkin and loses puck.
17:07 of 3rd period - Tyler Toffoli is hit by Drew Doughty and loses puck.
17:45 of 3rd period - Icing by Jack Johnson.
17:46 of 3rd period - Joe Thornton wins face-off versus Nick Bonino in ANAHEIM Ducks zone.
17:56 of 3rd period - Jack Johnson is hit by Nick Bonino and loses puck.
19:41 of 3rd period - Mark Stone is hit by Dougie Hamilton and loses puck.
19:44 of 3rd period - Shot by Anze Kopitar.
19:44 of 3rd period - Stopped by Cam Talbot without a rebound.
19:45 of 3rd period - Anze Kopitar wins face-off versus Mathew Barzal in ANAHEIM Ducks zone.
Goals for this period are 0 for ANAHEIM Ducks vs 1 for LOS ANGELES Kings.
Shots for this period are 8 for ANAHEIM Ducks vs 6 for LOS ANGELES Kings.

Overtime #1


0:01 of 1st overtime period - Tyler Seguin wins face-off versus Anze Kopitar in neutral zone.
0:32 of 1st overtime period - Shot by Alex Ovechkin.
0:32 of 1st overtime period - Shot Blocked by Oliver Ekman-Larsson.
0:44 of 1st overtime period - Shot by Tyler Seguin.
0:44 of 1st overtime period - Stopped by Jonathan Quick without a rebound.
0:45 of 1st overtime period - Anze Kopitar wins face-off versus Tyler Seguin in LOS ANGELES Kings zone.
0:51 of 1st overtime period - Anze Kopitar is hit by Alexander Edler and loses puck.
0:58 of 1st overtime period - Shot by Anze Kopitar.
0:58 of 1st overtime period - Goal by Anze Kopitar - ANAHEIM Ducks : 3 - LOS ANGELES Kings : 4.
Goals for this period are 0 for ANAHEIM Ducks vs 1 for LOS ANGELES Kings.
Shots for this period are 1 for ANAHEIM Ducks vs 1 for LOS ANGELES Kings.